Vet 3 Stug pog

Match 34674601
End
Kettenkrad Recon Vehicle
Selects Italian Coastal Battlegroup
Selects Coastal Reserves
Coastal Reserve
Coastal Reserve
Construct Infanterie Kompanie
Coastal Reserve
Selects Artillery Officer
MG 42 Machine Gun Team
Medical Station
Construct Panzergrenadier Kompanie
251 Medium Carrier
Pioneer Squad
Artillery Officer
Infanterie Officer Quarters
Medical Bunker
Pak 40 Anti-tank Gun Team
Support Elements
Nebelwerfer 42 Rocket Launcher Team
Selects Obice da 210/22 Artillery Emplacement
Kettenkrad Recon Vehicle
StuG III G Assault Gun
Construct Panzer Kompanie
Stoßtruppen Squad
Selects Designate Defensive Line
Selects Designated Artillery Overwatch
Sturmpanzer IV Brummbär
Selects Bulwark
MG 42 Bunker
Medical Bunker
Side Skirts
Repair Bunker
Panzergrenadier Officer Quarters
Panzer Officer Quarters
Medical Bunker
MG 42 Bunker
Pak 40 Anti-tank Gun Team
MG 42 Bunker
Designate Defensive Line
MG 42 Bunker
Evelynn
DragonNeko
Qhunter
Bego
0
0

Comments sign in to comment!

No comments posted yet!